 Dungeon Crawl Stone Soup version 0.29.1-12-g30fa7ad0bf (webtiles) character file.

Game seed: 10800244352206549327

1482 wormed the Cleaver (level 8, -1/71 HPs)
             Began as a Hill Orc Fighter on Dec 21, 2022.
             Was a Believer of Elyvilon.
             Slain by a kobold brigand
             ... wielding a +0 short sword
              (3 damage)
             ... on level 7 of the Dungeon on Dec 22, 2022.
             The game lasted 00:09:08 (6188 turns).

wormed the Cleaver (Hill Orc Fighter)               Turns: 6188, Time: 00:09:09

Health: -1/71      AC: 10    Str: 21    XL:     8   Next: 79%
Magic:  6/8        EV:  7    Int:  8    God:    Elyvilon [**....]
Gold:   188        SH:  5    Dex: 10    Spells: 7/7 levels left

rFire   . . .      SeeInvis .   a - +0 war axe
rCold   . . .      Faith    .   c - +0 buckler
rNeg    . . .      Spirit   .   q - +0 chain mail
rPois   .          Reflect  .   (no helmet)
rElec   .          Harm     .   (no cloak)
rCorr   .          Rampage  .   (no gloves)
Will    .....                   (no boots)
Stlth   ..........              (no amulet)
HPRegen 0.21/turn               (no ring)
MPRegen 0.11/turn               (no ring)

@: no status effects
A: no striking features
a: Renounce Religion, Purification, Heal Other


You were on level 7 of the Dungeon.
You worshipped Elyvilon.
Elyvilon was pleased with you.
You visited 1 branch of the dungeon, and saw 8 of its levels.
You also visited: Sewer.

You collected 244 gold pieces.
You spent 56 gold pieces at shops.

Inventory:

Hand Weapons
 a - a +0 war axe (weapon)
Armour
 c - a +0 buckler (worn)
 q - a +0 chain mail (worn)
Jewellery
 y - a ring of ice
Scrolls
 e - a scroll of acquirement {unknown}
 f - 2 scrolls of immolation {unknown}
 g - 2 scrolls of enchant weapon {unknown}
 h - 3 scrolls of butterflies {unknown}
 j - a scroll of enchant armour {unknown}
 k - 4 scrolls of teleportation
 u - a scroll of amnesia {unknown}
 v - a scroll of poison {unknown}
 x - a scroll of noise {unknown}
 z - 3 scrolls of identify
Potions
 b - 4 potions of flight
 d - 3 potions of might
 i - a potion of brilliance
 l - a potion of degeneration {unknown}
 m - a potion of heal wounds {unknown}
 n - 3 potions of haste {unknown}
 o - a potion of ambrosia {unknown}
 p - 6 potions of attraction {unknown}
 r - a potion of lignification {unknown}
 t - a potion of cancellation {unknown}
 w - a potion of magic {unknown}


   Skills:
 + Level 6.7 Fighting
 * Level 9.2 Axes
 + Level 6.1 Armour
 + Level 6.1 Shields


You had 7 spell levels left.
You didn't know any spells.
Your spell library contained the following spells:

 Spells                   Type           Power      Damage    Failure   Level
 Beastly Appendage        Tmut           0%         N/A       99%         1
 Sandblast                Erth           0%         2d4       99%         1
 Passwall                 Tmut/Erth      0%         N/A       100%        2
 Wereblood                Tmut           0%         N/A       100%        2
 Portal Projectile        Hex/Tloc       0%         N/A       100%        3
 Spider Form              Tmut/Pois      0%         N/A       100%        3
 Stone Arrow              Conj/Erth      0%         3d7       100%        3
 Tukima's Dance           Hex            0%         N/A       100%        3
 Blade Hands              Tmut           0%         N/A       100%        5


Dungeon Overview and Level Annotations

Branches:
Dungeon (8/15)              Sewer (visited)
 Temple: D:4-7         Lair: D:8-11

Altars:
Ashenzari
Nemelex Xobeh
Trog
Wu Jian
Xom
Zin

Shops:
D:5 ?!(


Message History

The curare-tipped dart hits you.
You are lethally poisoned!
You have difficulty breathing.
Elyvilon protects you from harm!
You feel as though you will be slow longer.
There is a stone staircase leading down here.
Elyvilon protects you from harm! You block the kobold brigand's attack.
You climb downwards.
* * * LOW HITPOINT WARNING * * *
You feel extremely sick.
There is a stone staircase leading up here.
You feel better.
The kobold brigand hits you but does no damage.
The kobold brigand barely misses you.
You slash the kobold brigand!
The kobold brigand is severely wounded.
The kobold brigand hits you but does no damage.
You barely miss the kobold brigand.
The kobold brigand is severely wounded.
The kobold brigand hits you but does no damage.
The kobold brigand hits you with a +0 short sword.
* * * LOW HITPOINT WARNING * * *
You closely miss the kobold brigand.
The kobold brigand is severely wounded.
The kobold brigand hits you with a +0 short sword.
* * * LOW HITPOINT WARNING * * *
You closely miss the kobold brigand.
The kobold brigand is severely wounded.
You block the kobold brigand's attack.
The kobold brigand hits you with a +0 short sword!
Elyvilon protects you from harm!
You feel purified! The kobold brigand barely misses you.
You hit the kobold brigand.
The kobold brigand is severely wounded.
The kobold brigand hits you but does no damage.
You barely miss the kobold brigand.
The kobold brigand is severely wounded.
The kobold brigand hits you with a +0 short sword.
You die...

#...# ##.#
##..###.##
#..##.##
#.....### .
##......# ...
######...#####
#...##.......##
#.....K.....#
#.....@#....#
#...###......#
#.. #.....#..#
#. #.....###.#
.. #......# #.#
. ......## #.
.## ##


You could see a kobold brigand.

Vanquished Creatures
  3 ice beasts
  2 black bears
  An ogre (D:5)
  2 centaurs (D:8)
  A phantom (D:5)
  2 kobold brigands
  2 scorpions
  A jelly (D:4)
  A gnoll bouda (D:5)
  Terence (D:3)
  3 iguanas
  2 orc wizards (D:5)
  8 gnolls
  6 adders
  A river rat (Sewer)
  2 white imps
  4 worms
  3 dart slugs
  2 orcs
  3 ball pythons
  2 bats
  3 endoplasms
  4 giant cockroaches
  7 hobgoblins
  A jackal (Sewer)
  17 kobolds
  3 quokkas
  9 goblins
  4 rats
100 creatures vanquished.

Notes
Turn   | Place    | Note
-------+----------+-------------------------------------------
     0 | D:1      | wormed the Hill Orc Fighter began the quest for the Orb.
     0 | D:1      | Reached XP level 1. HP: 19/19 MP: 1/1
   164 | D:1      | Found a faded altar of an unknown god.
   174 | D:1      | Reached skill level 3 in Axes
   339 | D:1      | Reached XP level 2. HP: 27/27 MP: 2/2
   864 | D:2      | Reached XP level 3. HP: 26/33 MP: 3/3
  1313 | D:2      | Reached skill level 4 in Axes
  1446 | D:2      | Reached XP level 4. HP: 37/40 MP: 4/4
  1848 | D:3      | Noticed Terence
  1858 | D:3      | Killed Terence
  2013 | D:3      | Found a shimmering altar of Xom.
  2112 | D:3      | Found a bloodstained altar of Trog.
  2388 | D:4      | Found a broken altar of Ashenzari.
  2392 | D:4      | Saw a vision of the Shoals and the Snake Pit.
  2392 | D:4      | Noticed a merfolk
  2392 | D:4      | Noticed a merfolk
  2392 | D:4      | Noticed a manticore
  2392 | D:4      | Noticed a merfolk siren
  2392 | D:4      | Noticed a manticore
  2392 | D:4      | Noticed a merfolk impaler
  2392 | D:4      | Noticed an anaconda
  2392 | D:4      | Noticed a shock serpent
  2392 | D:4      | Noticed a black mamba
  2392 | D:4      | Noticed a shock serpent
  2392 | D:4      | Noticed a black mamba
  2392 | D:4      | Noticed a naga
  2392 | D:4      | Noticed a naga sharpshooter
  2655 | D:4      | Reached XP level 5. HP: 45/47 MP: 5/5
  2738 | D:4      | Reached skill level 5 in Axes
  2852 | D:4      | Found a glowing drain.
  2864 | Sewer    | Entered a sewer
  3008 | Sewer    | Noticed a kobold brigand
  3022 | Sewer    | Reached XP level 6. HP: 50/53 MP: 6/6
  3145 | Sewer    | Found a white marble altar of Elyvilon.
  3213 | Sewer    | Became a worshipper of Elyvilon the Healer
  3510 | D:4      | Reached skill level 5 in Fighting
  3750 | D:5      | Entered Level 5 of the Dungeon
  3768 | D:5      | Reached skill level 6 in Axes
  3955 | D:5      | Noticed a troll
  3999 | D:5      | Found Uposm's Distillery.
  4004 | D:5      | Noticed a black bear
  4014 | D:5      | Killed a black bear
  4015 | D:5      | Reached XP level 7. HP: 39/61 MP: 7/7
  4188 | D:5      | Reached * piety under Elyvilon
  4230 | D:5      | Reached skill level 5 in Armour
  4289 | D:5      | Reached skill level 7 in Axes
  4289 | D:5      | Reached skill level 5 in Shields
  4825 | D:5      | Reached XP level 8. HP: 59/70 MP: 8/8
  4945 | D:5      | Found Havuff's Magic Scroll Boutique.
  4950 | D:5      | Bought a scroll of identify for 28 gold pieces
  4950 | D:5      | Bought a scroll of identify for 28 gold pieces
  5024 | D:5      | Found Kelogank's Weapon Shop.
  5229 | D:5      | Reached skill level 8 in Axes
  5350 | D:5      | Found an ornate altar of the Wu Jian Council.
  5403 | D:5      | You fall into a shaft and drop 3 floors!
  5403 | D:8      | Found a glowing silver altar of Zin.
  5977 | D:7      | Found a sparkling altar of Nemelex Xobeh.
  5984 | D:7      | Identified the +7 dagger of the Aged Gods {vorpal, Will+}
  6032 | D:7      | Reached ** piety under Elyvilon
  6055 | D:7      | Reached skill level 9 in Axes
  6178 | D:6      | Elyvilon protects you from harm!
  6179 | D:6      | Elyvilon protects you from harm!
  6180 | D:7      | HP: 2/71 [poisoned by a kobold brigand (curare-tipped
                  | dart)]
  6185 | D:7      | Elyvilon protects you from harm!
  6188 | D:7      | Slain by a kobold brigand

Illustrated notes

Levels and vault maps discovered:
D:1:      zelgadis_glass_arrival_small, layout_basic,
          dreamdust_ecumenical_altar_statues
D:2:      layout_basic, minivault_25, kennysheep_decorative_pillar
D:3:      layout_basic, brannock_xom_greatest_gift, trog_three_pillars_becter,
          uniq_terence
D:4:      layout_basic, grunt_ashenzari_visionary
          [grunt_ashenzari_visionary_shoals, grunt_ashenzari_visionary_snake],
          portal_sewer_entry_d
D:5:      layout_loops_ring, pdpol_wu_jian_five_deadly_venoms, serial_shops,
          kennysheep_mini, shop, nicolae_take_the_stairs, serial_park_tiny_1,
          nicolae_fountain_basement
D:6:      minmay_polygon_palace, layout_loops_ring,
          mainiacjoe_overflow_boulevard, mainiacjoe_overflow_24_doors,
          minmay_temple_entry_fiery, ebering_ghost_disaster_area, uniq_eustachio
D:7:      layout_layer_cave, nicolae_overflow_hidden_temple,
          nemelex_xobeh_ov_fountains_minmay
D:8:      layout_rooms, zin_academy, uniq_pikel

Skill      XL: |  1  2  3  4  5  6  7  8 |
---------------+-------------------------+-----
Axes           | 3 4 5 6 7 9 |  9.2
Fighting       | 4 5 6 |  6.7
Armour         | 4 5 6 |  6.1
Shields        | 4 5 6 |  6.1

Action                   |  1- 3 |  4- 6 |  7- 9 || total
-------------------------+-------+-------+-------++-------
Melee: War axe           |   103 |   185 |   165 ||   453
Invok: Purification      |       |       |     1 ||     1
  Use: Scroll            |       |     3 |       ||     3
       Potion            |       |     1 |     4 ||     5
Armor: Scale mail        |    44 |    13 |       ||    57
       Chain mail        |       |    73 |   105 ||   178
Dodge: Dodged            |    60 |    61 |    52 ||   173
Block: Buckler           |    19 |    45 |    41 ||   105
